TOP OF THE 1ST |
Montgomery Biscuits batting - Pitching for Northwest Arkansas Naturals : RHP Matt Voulgaris
|
Pitching: RHP Matt Voulgaris
|
|
Batting: LHB Bill McGregor
|
0-0: Ball 1-0: Called Strike 1-1: Ball 2-1: Ball 3-1: Fly out, F8 (Flyball, 8LS, EV 90.0 MPH)
|
Batting: LHB Mark Marvin
|
0-0: Called Strike 0-1: Ball 1-1: SOLO HOME RUN (Flyball, 89XD, EV 115.0 MPH), Distance : 457 ft
|
Batting: SHB Lou Kroneman
|
0-0: Ball 1-0: Ball 2-0: Ground out 6-3 (Groundball, 6, EV 86.2 MPH)
|
Batting: RHB David Ward
|
0-0: Ball 1-0: Ball 2-0: Ball 3-0: Called Strike 3-1: Called Strike 3-2: Base on Balls
|
Batting: RHB Jonathan Fraire
|
0-0: Ball 1-0: Swinging Strike 1-1: Ball 2-1: SINGLE (Groundball, 6S, EV 71.2 MPH) (infield hit) David Ward to second
|
Batting: SHB Wayne Hattan
|
0-0: Foul Ball, location: 2F 0-1: Swinging Strike 0-2: Ball 1-2: Ball 2-2: Foul Ball, location: 2F 2-2: SINGLE (Flyball, 5D, EV 93.8 MPH) David Ward to third Jonathan Fraire to second Runner from 3rd tries for Home, SAFE, throw by LF to home
|
Batting: RHB Freddy Mullen
|
0-0: Ball 1-0: SINGLE (Groundball, 56, EV 103.1 MPH) Jonathan Fraire to third Wayne Hattan to second Runner from 3rd tries for Home, SAFE, throw by LF to home
|
Pitching: RHP Vinny Reveles
|
|
Batting: SHB Julio Hernandez
|
0-0: Ball 1-0: Ball 2-0: Ball 3-0: Called Strike 3-1: DOUBLE (Line Drive, 3D, EV 96.2 MPH) Wayne Hattan scores Freddy Mullen to third
|
Batting: RHB Chris Glavin
|
0-0: Ball 1-0: Ball 2-0: Ball 3-0: Called Strike 3-1: Base on Balls
|
Batting: LHB Bill McGregor
|
0-0: Called Strike 0-1: Ball 1-1: Ball 2-1: Ball 3-1: Called Strike 3-2: Foul Ball, location: 2F 3-2: SINGLE (Flyball, 8LS, EV 91.9 MPH) Freddy Mullen scores Julio Hernandez to third Chris Glavin to second Julio Hernandez scores Chris Glavin to third
|
Batting: LHB Mark Marvin
|
0-0: Ball 1-0: Ball 2-0: Foul Ball, location: 2F 2-1: Foul Ball, location: 2F 2-2: Foul Ball, location: 2F 2-2: Ball 3-2: Base on Balls Bill McGregor to second
|
Pitching: RHP Matt Slater
|
|
Batting: SHB Lou Kroneman
|
0-0: Foul Ball, location: 2F 0-1: Ball 1-1: Foul Ball, location: 2F 1-2: SINGLE (Line Drive, 4D, EV 105.0 MPH) Chris Glavin scores Bill McGregor to third Mark Marvin to second Runner from 3rd tries for Home, SAFE, throw by CF to home
|
Batting: RHB David Ward
|
0-0: Reached on error, E5 (Groundball, 56, EV 83.8 MPH) Mark Marvin to third Lou Kroneman to second
|
Batting: RHB Jonathan Fraire
|
0-0: Ball 1-0: Ground out 4-3 (Groundball, 4, EV 85.0 MPH)
|
Top of the 1st over - 8 runs, 7 hits, 1 error, 3 left on base; Montgomery 8 - Northwest Arkansas 0 |
BOTTOM OF THE 1ST |
Northwest Arkansas Naturals batting - Pitching for Montgomery Biscuits : RHP Jose Robles
|
Pitching: RHP Jose Robles
|
|
Batting: RHB Danny Weisse
|
0-0: Swinging Strike 0-1: Foul Ball, location: 2F 0-2: Foul Ball, location: 2F 0-2: Strikes out swinging
|
Batting: RHB Yi-lin Niu
|
0-0: Foul Ball, location: 2F 0-1: Ground out 4-3 (Groundball, 4, EV 83.1 MPH)
|
Batting: RHB Kevin Roseen
|
0-0: Ground out 4-3 (Groundball, 34, EV 105.0 MPH)
|
Bottom of the 1st over - 0 runs, 0 hits, 0 errors, 0 left on base; Montgomery 8 - Northwest Arkansas 0 |
TOP OF THE 2ND |
Montgomery Biscuits batting - Pitching for Northwest Arkansas Naturals : RHP Matt Slater
|
Batting: SHB Wayne Hattan
|
0-0: Ball 1-0: Ball 2-0: SINGLE (Groundball, 6MS, EV 65.6 MPH) (infield hit)
|
Batting: RHB Freddy Mullen
|
0-0: Foul Ball, location: 2F 0-1: Foul Ball, location: 2F 0-2: Ball 1-2: SINGLE (Groundball, 34D, EV 103.1 MPH) Wayne Hattan to second Runner from 2nd tries for 3rd, SAFE, throw by RF made to third
|
Batting: SHB Julio Hernandez
|
0-0: SINGLE (Groundball, 34D, EV 108.1 MPH) - runner OUT being hit by batted ball. (infield hit)
|
Batting: RHB Chris Glavin
|
0-0: Ball 1-0: Ball 2-0: Ball 3-0: Called Strike 3-1: Base on Balls Julio Hernandez to second
|
Pitching: LHP Jake Warwick
|
|
Batting: LHB Bill McGregor
|
0-0: Foul Ball, location: 2F 0-1: Ball 1-1: Foul Ball, location: 2F 1-2: Ball 2-2: Ball 3-2: Fielders Choice at 2nd, 4-6 (Groundball, 4, EV 87.5 MPH) Wayne Hattan scores Julio Hernandez to third
|
Batting: LHB Mark Marvin
|
0-0: Swinging Strike 0-1: Called Strike 0-2: Ball 1-2: Reached on error, E5 (Groundball, 5L, EV 110.6 MPH) Julio Hernandez scores Bill McGregor to second
|
Batting: SHB Lou Kroneman
|
0-0: Ball 1-0: DOUBLE (Flyball, 8RXD, EV 96.9 MPH) Bill McGregor scores Mark Marvin to third Runner from 3rd tries for Home, SAFE, throw by CF to trailing runner, SAFE at third!
|
Batting: RHB David Ward
|
0-0: Ball 1-0: Ball 2-0: Ball 3-0: Base on Balls
|
Batting: RHB Jonathan Fraire
|
0-0: Ball 1-0: Foul Ball, location: 2F 1-1: Ball 2-1: Ball 3-1: SINGLE (Line Drive, 9S, EV 93.8 MPH) Lou Kroneman scores David Ward to second
|
Pitching: RHP Philip Terrell
|
|
Batting: SHB Wayne Hattan
|
0-0: Ball 1-0: Ball 2-0: Called Strike 2-1: Ball 3-1: Ground out 1-3 (Groundball, 13, EV 62.5 MPH)
|
Top of the 2nd over - 5 runs, 5 hits, 1 error, 2 left on base; Montgomery 13 - Northwest Arkansas 0 |
BOTTOM OF THE 2ND |
Northwest Arkansas Naturals batting - Pitching for Montgomery Biscuits : RHP Jose Robles
|
Batting: RHB Alex Cid
|
0-0: Ground out 4-3 (Groundball, 4, EV 81.2 MPH)
|
Batting: SHB Jason Anaya
|
0-0: Ball 1-0: Ball 2-0: Ball 3-0: Called Strike 3-1: Base on Balls
|
Batting: LHB Josh Moore
|
0-0: Called Strike 0-1: Ball 1-1: Foul Ball, location: 2F 1-2: Foul Ball, location: 2F 1-2: Foul Ball, location: 2F 1-2: Strikes out swinging
|
Batting: RHB Kevin Allen
|
0-0: Ball 1-0: Ball 2-0: Called Strike 2-1: Called Strike 2-2: Strikes out swinging
|
Bottom of the 2nd over - 0 runs, 0 hits, 0 errors, 1 left on base; Montgomery 13 - Northwest Arkansas 0 |
TOP OF THE 3RD |
Montgomery Biscuits batting - Pitching for Northwest Arkansas Naturals : RHP Philip Terrell
|
Batting: RHB Freddy Mullen
|
0-0: Ball 1-0: Foul Ball, location: 2F 1-1: Fly out, F9 (Flyball, 9, EV 96.2 MPH)
|
Batting: SHB Julio Hernandez
|
0-0: Ball 1-0: Called Strike 1-1: SINGLE (Groundball, 6MD, EV 106.2 MPH)
|
Batting: RHB Chris Glavin
|
0-0: Ball 1-0: Fly out, F5 (Line Drive, 56, EV 71.2 MPH)
|
Batting: LHB Bill McGregor
|
0-0: Ball 1-0: Called Strike 1-1: Called Strike 1-2: Fly out, F8 (Flyball, 8LXD, EV 102.5 MPH)
|
Top of the 3rd over - 0 runs, 1 hit, 0 errors, 1 left on base; Montgomery 13 - Northwest Arkansas 0 |
BOTTOM OF THE 3RD |
Northwest Arkansas Naturals batting - Pitching for Montgomery Biscuits : RHP Jose Robles
|
Batting: RHB Ben Minge
|
0-0: Ball 1-0: Called Strike 1-1: Swinging Strike 1-2: Strikes out swinging
|
Batting: LHB Joel Page
|
0-0: Ball 1-0: Ball 2-0: Called Strike 2-1: Swinging Strike 2-2: Ground out 4-3 (Groundball, 4, EV 86.9 MPH)
|
Batting: RHB Danny Weisse
|
0-0: Ball 1-0: Ball 2-0: Ball 3-0: Swinging Strike 3-1: Fly out, F8 (Flyball, 8LS, EV 86.2 MPH)
|
Bottom of the 3rd over - 0 runs, 0 hits, 0 errors, 0 left on base; Montgomery 13 - Northwest Arkansas 0 |
TOP OF THE 4TH |
Montgomery Biscuits batting - Pitching for Northwest Arkansas Naturals : RHP Philip Terrell
|
Batting: LHB Mark Marvin
|
0-0: Called Strike 0-1: Foul Ball, location: 2F 0-2: Foul Ball, location: 2F 0-2: Ball 1-2: Foul Ball, location: 2F 1-2: DOUBLE (Groundball, 3L, EV 101.9 MPH)
|
Pitching: RHP Tim Tucker
|
|
Batting: SHB Lou Kroneman
|
0-0: Ball 1-0: Foul Ball, location: 2F 1-1: Called Strike 1-2: Ground out 4-3 (Groundball, 4, EV 101.2 MPH) Mark Marvin to third
|
Batting: RHB David Ward
|
0-0: Ball 1-0: Ball 2-0: Called Strike 2-1: Ball 3-1: Called Strike 3-2: Strikes out looking
|
Batting: RHB Jonathan Fraire
|
0-0: Ball Passed Ball! Mark Marvin scores 1-0: Foul Ball, location: 2F 1-1: Ball 2-1: Ball 3-1: TRIPLE (Flyball, 78XD, EV 107.5 MPH)
|
Batting: SHB Wayne Hattan
|
0-0: Ball 1-0: Swinging Strike 1-1: Called Strike 1-2: Ball 2-2: Ball 3-2: Base on Balls
|
Pitching: RHP Matthew Orphan
|
|
Batting: RHB Freddy Mullen
|
0-0: Ball 1-0: Ball 2-0: Ball 3-0: Base on Balls Wayne Hattan to second
|
Batting: SHB Julio Hernandez
|
0-0: Ground out U3 (Groundball, 3, EV 91.9 MPH)
|
Top of the 4th over - 1 run, 2 hits, 0 errors, 3 left on base; Montgomery 14 - Northwest Arkansas 0 |
BOTTOM OF THE 4TH |
Northwest Arkansas Naturals batting - Pitching for Montgomery Biscuits : RHP Jose Robles
|
Batting: RHB Yi-lin Niu
|
0-0: Foul Ball, location: 2F 0-1: Ground out 5-3 (Groundball, 56D, EV 105.6 MPH)
|
Batting: RHB Kevin Roseen
|
0-0: Swinging Strike 0-1: Ball 1-1: Swinging Strike 1-2: Ball 2-2: Ball 3-2: Strikes out swinging
|
Batting: RHB Alex Cid
|
0-0: Called Strike 0-1: Foul Ball, location: 2F 0-2: Strikes out looking
|
Bottom of the 4th over - 0 runs, 0 hits, 0 errors, 0 left on base; Montgomery 14 - Northwest Arkansas 0 |
TOP OF THE 5TH |
Montgomery Biscuits batting - Pitching for Northwest Arkansas Naturals : RHP Matthew Orphan
|
Batting: RHB Chris Glavin
|
0-0: Foul Ball, location: 2F 0-1: Ball 1-1: Ball 2-1: Called Strike 2-2: Ball 3-2: Strikes out looking
|
Batting: LHB Bill McGregor
|
0-0: Called Strike 0-1: Swinging Strike 0-2: Ball 1-2: Strikes out swinging
|
Batting: LHB Mark Marvin
|
0-0: Called Strike 0-1: Ball 1-1: Foul Ball, location: 2F 1-2: Ball 2-2: Ground out 5-3 (Groundball, 25, EV 83.1 MPH)
|
Top of the 5th over - 0 runs, 0 hits, 0 errors, 0 left on base; Montgomery 14 - Northwest Arkansas 0 |
BOTTOM OF THE 5TH |
Northwest Arkansas Naturals batting - Pitching for Montgomery Biscuits : RHP Jose Robles
|
Batting: SHB Jason Anaya
|
0-0: Ball 1-0: Ground out 6-3 (Groundball, 6M, EV 108.1 MPH)
|
Batting: LHB Josh Moore
|
0-0: Ball 1-0: Called Strike 1-1: Ball 2-1: Swinging Strike 2-2: Foul Ball, location: 2F 2-2: Foul Ball, location: 2F 2-2: Strikes out swinging
|
Batting: RHB Kevin Allen
|
0-0: Fly out, F8 (Flyball, 8LD, EV 95.0 MPH)
|
Bottom of the 5th over - 0 runs, 0 hits, 0 errors, 0 left on base; Montgomery 14 - Northwest Arkansas 0 |
TOP OF THE 6TH |
Montgomery Biscuits batting - Pitching for Northwest Arkansas Naturals : RHP Matthew Orphan
|
Pitching: RHP Joe Adelmann
|
|
Batting: SHB Lou Kroneman
|
0-0: Foul Ball, location: 2F 0-1: Ball 1-1: Ball 2-1: Fly out, F8 (Flyball, 8LD, EV 90.6 MPH)
|
Batting: RHB David Ward
|
0-0: Ball 1-0: Called Strike 1-1: SOLO HOME RUN (Flyball, 7D, EV 101.2 MPH), Distance : 373 ft
|
Batting: RHB Jonathan Fraire
|
0-0: Ball 1-0: Ball 2-0: Called Strike 2-1: Hit by Pitch
|
Batting: SHB Wayne Hattan
|
0-0: Ball 1-0: SINGLE (Groundball, 56D, EV 95.6 MPH) Jonathan Fraire to second
|
Batting: RHB Freddy Mullen
|
0-0: SINGLE (Flyball, 5D, EV 86.9 MPH) Jonathan Fraire to third Wayne Hattan to second
|
Batting: SHB Julio Hernandez
|
0-0: Fly out, F8 (Line Drive, 8RD, EV 91.9 MPH) Runner from 3rd tags up, SCORES, no throw by CF
|
Batting: RHB Chris Glavin
|
0-0: Ball 1-0: Fielders Choice at 2nd, 6-4 (Groundball, 6, EV 80.0 MPH)
|
Top of the 6th over - 2 runs, 3 hits, 0 errors, 2 left on base; Montgomery 16 - Northwest Arkansas 0 |
BOTTOM OF THE 6TH |
Northwest Arkansas Naturals batting - Pitching for Montgomery Biscuits : RHP Jose Robles
|
Batting: RHB Ben Minge
|
0-0: Ball 1-0: Foul Ball, location: 2F 1-1: Called Strike 1-2: Ground out 6-3 (Groundball, 56, EV 99.4 MPH)
|
Batting: LHB Joel Page
|
0-0: Ball 1-0: Ground out 4-3 (Groundball, 34, EV 101.2 MPH)
|
Batting: RHB Danny Weisse
|
0-0: Ball 1-0: Called Strike 1-1: Ball 2-1: Foul Ball, location: 2F 2-2: Fly out, F7 (Line Drive, 78M, EV 89.4 MPH)
|
Bottom of the 6th over - 0 runs, 0 hits, 0 errors, 0 left on base; Montgomery 16 - Northwest Arkansas 0 |
TOP OF THE 7TH |
Montgomery Biscuits batting - Pitching for Northwest Arkansas Naturals : RHP Joe Adelmann
|
Pinch Hitting: RHB Mark Richert
|
0-0: Foul Ball, location: 2F 0-1: Ball 1-1: Ball 2-1: Foul Ball, location: 2F 2-2: Foul Ball, location: 2F 2-2: Foul Ball, location: 2F 2-2: Ball 3-2: Base on Balls
|
Batting: LHB Mark Marvin
|
0-0: Ball 1-0: Ball 2-0: Ball Wild Pitch! Mark Richert to second 3-0: Foul Ball, location: 2F 3-1: Base on Balls
|
Batting: SHB Lou Kroneman
|
0-0: Ball 1-0: Ball 2-0: Ball 3-0: Base on Balls Mark Richert to third Mark Marvin to second
|
Batting: RHB David Ward
|
0-0: Hit by Pitch Mark Richert scores Mark Marvin to third Lou Kroneman to second
|
Batting: RHB Jonathan Fraire
|
0-0: SINGLE (Groundball, 6MS, EV 71.9 MPH) (infield hit) Mark Marvin scores Lou Kroneman to third David Ward to second
|
Batting: SHB Wayne Hattan
|
0-0: Ball 1-0: Fly out, F8 (Flyball, 8LS, EV 88.1 MPH)
|
Batting: RHB Freddy Mullen
|
0-0: Ball 1-0: Ball 2-0: Ball 3-0: Base on Balls Lou Kroneman scores David Ward to third Jonathan Fraire to second
|
Batting: SHB Julio Hernandez
|
0-0: Ball 1-0: Foul Ball, location: 2F 1-1: Called Strike 1-2: Reached on error, E3 (Groundball, 34, EV 78.8 MPH) David Ward scores Jonathan Fraire to third Freddy Mullen to second
|
Batting: RHB Chris Glavin
|
0-0: Fielders Choice at 2nd, 3-6 (Groundball, 3, EV 83.1 MPH) Jonathan Fraire scores Freddy Mullen to third
|
Batting: RHB Mark Richert
|
0-0: SINGLE (Line Drive, 6D, EV 100.6 MPH) Freddy Mullen scores Chris Glavin to second
|
Batting: LHB Mark Marvin
|
0-0: SINGLE (Groundball, 6MD, EV 96.2 MPH) Chris Glavin to third Mark Richert to second Runner from 3rd tries for Home, SAFE, throw by CF to home
|
Batting: SHB Lou Kroneman
|
0-0: Ground out 4-3 (Groundball, 4, EV 92.5 MPH)
|
Top of the 7th over - 7 runs, 3 hits, 1 error, 2 left on base; Montgomery 23 - Northwest Arkansas 0 |
BOTTOM OF THE 7TH |
Northwest Arkansas Naturals batting - Pitching for Montgomery Biscuits : RHP Jose Robles
|
Now in RF: Alex Genao
|
|
Batting: RHB Yi-lin Niu
|
0-0: Called Strike 0-1: Ball 1-1: Ball 2-1: Called Strike 2-2: Ball 3-2: SINGLE (Groundball, 6MD, EV 96.9 MPH)
|
Batting: RHB Kevin Roseen
|
0-0: Ball 1-0: Fly out, F7 (Flyball, 78S, EV 91.2 MPH)
|
Batting: RHB Alex Cid
|
0-0: Ball 1-0: Foul Ball, location: 2F 1-1: Swinging Strike 1-2: Foul Ball, location: 2F 1-2: Ball 2-2: Strikes out looking
|
Batting: SHB Jason Anaya
|
0-0: Ball 1-0: Swinging Strike 1-1: Foul Ball, location: 2F 1-2: Strikes out swinging
|
Bottom of the 7th over - 0 runs, 1 hit, 0 errors, 1 left on base; Montgomery 23 - Northwest Arkansas 0 |
TOP OF THE 8TH |
Montgomery Biscuits batting - Pitching for Northwest Arkansas Naturals : RHP Joe Adelmann
|
Batting: RHB David Ward
|
0-0: Called Strike 0-1: Ball 1-1: Foul Ball, location: 2F 1-2: Strikes out swinging
|
Batting: RHB Jonathan Fraire
|
0-0: Ball 1-0: Ball 2-0: Ball 3-0: Base on Balls
|
Batting: SHB Wayne Hattan
|
0-0: Fielders Choice at 2nd, 4-6 (Groundball, 34, EV 90.6 MPH)
|
Batting: RHB Freddy Mullen
|
0-0: SINGLE (Groundball, 4M, EV 95.0 MPH) Wayne Hattan to second
|
Batting: SHB Julio Hernandez
|
0-0: Called Strike 0-1: Ball 1-1: Foul Ball, location: 2F 1-2: Strikes out looking
|
Top of the 8th over - 0 runs, 1 hit, 0 errors, 2 left on base; Montgomery 23 - Northwest Arkansas 0 |
BOTTOM OF THE 8TH |
Northwest Arkansas Naturals batting - Pitching for Montgomery Biscuits : RHP Jose Robles
|
Batting: LHB Josh Moore
|
0-0: Foul Ball, location: 2F 0-1: Foul Ball, location: 2F 0-2: Ball 1-2: Strikes out swinging
|
Batting: RHB Kevin Allen
|
0-0: Foul Ball, location: 2F 0-1: Called Strike 0-2: Ball 1-2: Ball 2-2: Ball 3-2: Strikes out swinging
|
Batting: RHB Ben Minge
|
0-0: Called Strike 0-1: Called Strike 0-2: Ball 1-2: Ball 2-2: Ball 3-2: Foul Ball, location: 2F 3-2: Strikes out looking
|
Bottom of the 8th over - 0 runs, 0 hits, 0 errors, 0 left on base; Montgomery 23 - Northwest Arkansas 0 |
TOP OF THE 9TH |
Montgomery Biscuits batting - Pitching for Northwest Arkansas Naturals : RHP Joe Adelmann
|
Batting: RHB Chris Glavin
|
0-0: Foul Ball, location: 2F 0-1: Ball 1-1: Ground out 4-3 (Groundball, 4, EV 88.1 MPH)
|
Batting: LHB Alex Genao
|
0-0: SINGLE (Groundball, 56S, EV 63.8 MPH) (infield hit)
|
Batting: LHB Mark Marvin
|
0-0: Ball 1-0: SINGLE (Line Drive, 56D, EV 94.4 MPH) Alex Genao to second Runner from 2nd tries for 3rd, SAFE, throw by LF made to third
|
Batting: SHB Lou Kroneman
|
0-0: Ball 1-0: Grounds into double play, 5-4-3 (Groundball, 56S, EV 88.8 MPH)
|
Top of the 9th over - 0 runs, 2 hits, 0 errors, 1 left on base; Montgomery 23 - Northwest Arkansas 0 |
BOTTOM OF THE 9TH |
Northwest Arkansas Naturals batting - Pitching for Montgomery Biscuits : RHP Jose Robles
|
Batting: LHB Joel Page
|
0-0: SINGLE (Groundball, 6MS, EV 64.4 MPH) (infield hit)
|
Batting: RHB Danny Weisse
|
0-0: Called Strike 0-1: Called Strike 0-2: Ball 1-2: SINGLE (Flyball, 6D, EV 96.2 MPH) Joel Page to second
|
Pitching: RHP Josh Heath
|
|
Batting: RHB Yi-lin Niu
|
0-0: Ball 1-0: Swinging Strike 1-1: Swinging Strike 1-2: Fly out, F9 (Flyball, 89M, EV 92.5 MPH)
|
Batting: RHB Kevin Roseen
|
0-0: Ball 1-0: Ball 2-0: Fly out, F8 (Flyball, 8LD, EV 97.5 MPH)
|
Batting: RHB Alex Cid
|
0-0: Foul Ball, location: 2F 0-1: Ball 1-1: Ball 2-1: Foul Ball, location: 2F 2-2: Strikes out swinging
|
Bottom of the 9th over - 0 runs, 2 hits, 0 errors, 2 left on base; Montgomery 23 - Northwest Arkansas 0 |
|